 Dungeon Crawl Stone Soup version 0.13.0-13-g27bfa31 (webtiles) character file.

5432 eimernase the Hoplite (level 10, -9/84 HPs)
             Began as a Minotaur Fighter on Oct 19, 2013.
             Was a Priest of Makhleb.
             Killed from afar by a two-headed ogre (22 damage)
             ... with an exploding inner flame
             ... on Level 9 of the Dungeon.
             The game lasted 00:48:12 (9535 turns).

eimernase the Hoplite (Minotaur Fighter)            Turns: 9535, Time: 00:48:12

HP  -9/84        AC 16     Str 23      XL: 10   Next: 31%
MP   4/4         EV  5     Int  5      God: Makhleb [***...]
Gold 355         SH 25     Dex 11      Spells:  0 memorised,  9 levels left

Res.Fire  : . . .   See Invis. : .   v - +2,+0 scimitar (holy)
Res.Cold  : . . .   Warding    : .   j - +2 orc plate armour
Life Prot.: . . .   Conserve   : .   c - +0 shield
Res.Poison: .       Res.Corr.  : .   q - +0 cap
Res.Elec. : .       Clarity    : .   (no cloak)
Sust.Abil.: . .     Spirit.Shd : .   (no gloves)
Res.Mut.  : .       Stasis     : .   (no boots)
Res.Rott. : .       Flight     : .   (no amulet)
Saprovore : . . .                    (no ring)
                                     (no ring)

@: somewhat resistant to hostile enchantments, extremely unstealthy
A: retaliatory headbutt, horns 2
a: Minor Destruction, Lesser Servant of Makhleb, Renounce Religion


You were on level 9 of the Dungeon.
You worshipped Makhleb.
Makhleb was most pleased with you.
You were very hungry.

You visited 2 branches of the dungeon, and saw 10 of its levels.

You collected 335 gold pieces.

Inventory:

Hand weapons
 e - a +0,+2 spear
 o - a +4,+2 quarterstaff of protection
 t - a +2,+1 anti-magic sabre
 v - a +2,+0 scimitar of holy wrath (weapon)
 D - a +1,+2 spear of returning (quivered)
Missiles
 N - a throwing net
Armour
 c - a +0 shield (worn)
 j - a +2 orcish plate armour (worn)
 q - a +0 cap (worn)
 J - a +1 dwarven buckler
Magical devices
 M - a wand of slowing (11) {unknown}
Comestibles
 d - 2 bread rations
 H - a pear
 L - a meat ration
Scrolls
 h - 5 scrolls of remove curse
 p - 3 scrolls of fog
 u - a scroll of teleportation {unknown}
 w - a scroll of identify
 y - 2 scrolls of magic mapping
 z - a scroll of recharging {unknown}
 F - a scroll of holy word {unknown}
 G - a scroll of fear {unknown}
Jewellery
 b - an uncursed ring of teleportation
Potions
 f - 2 potions of flight {unknown}
 g - 3 potions of might {unknown}
 i - 3 potions of restore abilities
 k - 4 potions of curing {unknown}
 m - 3 potions of speed {unknown}
 n - a potion of berserk rage {unknown}
 r - a potion of beneficial mutation {unknown}
 x - a potion of brilliance {unknown}
 A - a potion of mutation {unknown}
 B - 2 potions of agility {unknown}
 K - a potion of poison {unknown}
Books
 s - a book of Control

   Spells                             Type                      Level
   Control Teleport                   Charms/Translocation         4
   Control Undead                     Necromancy                   4
   Enslavement                        Hexes                        4
   Mass Confusion                     Hexes                        6
   Metabolic Englaciation             Hexes/Ice                    6
 C - Puge's Papyrus of Creative Beguiling
   (You found it on level 9 of the Dungeon)

   Spells                             Type                      Level
   Summon Butterflies                 Summoning                    1
   Summon Small Mammal                Summoning                    1
   Dazzling Spray                     Conjuration/Hexes            3
   Inner Flame                        Hexes/Fire                   3
   Summon Elemental                   Summoning                    4
   Metabolic Englaciation             Hexes/Ice                    6
 I - a book of Geomancy

   Spells                             Type                      Level
   Sandblast                          Earth                        1
   Stoneskin                          Transmutation/Earth          2
   Passwall                           Transmutation/Earth          3
   Stone Arrow                        Conjuration/Earth            3
   Petrify                            Transmutation/Earth          4
   Lee's Rapid Deconstruction         Earth                        5
Magical staves
 a - an uncursed staff of energy


   Skills:
 + Level 7.2 Fighting
 + Level 8.1 Long Blades
 + Level 3.4 Polearms
 + Level 1.2 Throwing
 + Level 9.1 Armour
 + Level 5.7 Dodging
 + Level 1.7 Stealth
 + Level 10.5 Shields
 + Level 1.0 Invocations


You had 9 spell levels left.
You didn't know any spells.

Dungeon Overview and Level Annotations

Branches:
Dungeon (9/27)             Temple (1/1) D:4
    Orc: D:6-11        Lair: D:8-13

Altars:
Ashenzari
Cheibriados
Elyvilon
Fedhas
Kikubaaqudgha
Makhleb
Nemelex Xobeh
Okawaru
Sif Muna
Trog
Vehumet
Xom
Yredelemnul
Zin
the Shining One

Shops:
D:5 [


Innate Abilities, Weirdness & Mutations

You reflexively headbutt those who attack you in melee.
You have a pair of horns on your head.


Message History

You hit the two-headed ogre but do no damage.
You headbutt the two-headed ogre.
The two-headed ogre is heavily wounded.
The two-headed ogre hits you but does no damage.
The two-headed ogre hits you with a great mace!
* * * LOW HITPOINT WARNING * * *
As you read the scroll labeled FRITHR BEMA, it crumbles to dust.
The creatures around you are filled with an inner flame!
It was a scroll of immolation.
The two-headed ogre hits you but does no damage.
You block the two-headed ogre's attack.
You hit the two-headed ogre but do no damage.
The two-headed ogre is heavily wounded.
The two-headed ogre barely misses you. You block the two-headed ogre's attack.
Your plate armour prevents you from hitting the two-headed ogre.
The two-headed ogre is heavily wounded.
You slice the two-headed ogre!!
The two-headed ogre explodes!
The fiery explosion engulfs you!
Your scroll of immolation catches fire!
You die...

##..)......#..........#
###..........#..........##
#...).......<............#
###....................#..#
##..#.......##..........####
#.......................###
#.........................#
##......###...............#
........####. #@§.#.....##
.>.......#. ##§##.#...#
......#.....####.§§.##...#
............#...........##
......#......)#.........#
.#...##.................###
.....###..........[.......#
......#........(............
##.............(..(...##....


There were no monsters in sight!

Vanquished Creatures
  The ghost of Zgarb the Chopper, an experienced MiFi of Okawaru (D:5)
  A ynoxinul (D:9)
  A wyvern (D:6)
  Eustachio (D:9)
  A hungry ghost (D:8)
  An ice beast (D:6)
  6 sky beasts
  A black bear (D:7)
  A centaur (D:5)
  7 ogres
  An orc warrior (D:3)
  Sigmund (D:3)
  Blork the orc (D:5)
  3 giant frogs (D:8)
  10 killer bees
  2 jellies
  8 wights
  A goliath beetle (D:8)
  A water moccasin zombie (D:8)
  4 crimson imps
  3 hounds (D:6)
  6 orc priests
  An iguana (D:4)
  2 scorpions (D:8)
  An orc wizard (D:9)
  5 worker ants
  Ijyb (D:2)
  5 gnolls
  17 adders
  3 giant mites
  5 worms
  15 ufetubi (D:9)
  An iguana skeleton (D:7)
  3 adder skeletons
  2 oozes
  A giant eyeball (D:4)
  6 giant geckos
  24 orcs
  2 bat skeletons (D:6)
  5 giant cockroaches
  19 hobgoblins
  9 jackals
  9 kobolds
  3 quokkas
  5 ball pythons
  18 bats
  7 giant newts
  15 goblins
  A hobgoblin skeleton (D:6)
  A hobgoblin zombie (D:6)
  An orc zombie (D:7)
  A quokka skeleton (D:3)
  15 rats
  A rat skeleton (D:5)
  2 ballistomycetes (D:6)
268 creatures vanquished.

Vanquished Creatures (collateral kills)
  A neqoxec (D:9)
  3 yaks (D:9)
  A centaur (D:9)
  4 ufetubi (D:9)
9 creatures vanquished.

Vanquished Creatures (others)
  An orange demon (D:9)
  A hellwing (D:9)
  A giant spore (D:6)
3 creatures vanquished.

Grand Total: 280 creatures vanquished

Notes
Turn   | Place    | Note
--------------------------------------------------------------
     0 | D:1      | eimernase, the Minotaur Fighter, began the quest for the Orb.
     0 | D:1      | Reached XP level 1. HP: 19/19 MP: 0/0
   182 | D:1      | Reached XP level 2. HP: 24/26 MP: 0/0
   298 | D:1      | Reached skill level 4 in Fighting
   369 | D:1      | Reached XP level 3. HP: 33/33 MP: 1/1
  1014 | D:2      | Reached skill level 1 in Dodging
  1014 | D:2      | Reached XP level 4. HP: 40/40 MP: 1/1
  1283 | D:2      | Noticed Ijyb
  1290 | D:2      | Killed Ijyb
  1528 | D:2      | Found a sparkling altar of Nemelex Xobeh.
  1581 | D:2      | Reached XP level 5. HP: 40/46 MP: 1/1
  1796 | D:3      | Reached skill level 1 in Long Blades
  2040 | D:3      | Reached skill level 5 in Shields
  2281 | D:3      | Noticed Sigmund
  2297 | D:3      | Killed Sigmund
  2297 | D:3      | Reached XP level 6. HP: 19/53 MP: 2/2
  2607 | D:3      | Noticed an orc warrior
  2629 | D:3      | HP: 2/53 [orc warrior/orcish hand axe (12)]
  2634 | D:3      | Killed an orc warrior
  2634 | D:3      | Reached skill level 5 in Armour
  3219 | D:4      | Reached XP level 7. HP: 52/60 MP: 2/2
  3778 | D:4      | Found a staircase to the Ecumenical Temple.
  4166 | D:4      | Found a burning altar of Makhleb.
  4500 | D:4      | Paralysed by a giant eyeball for 4 turns
  4537 | Temple   | Entered the Ecumenical Temple
  4565 | D:4      | Reached skill level 6 in Armour
  4634 | D:4      | Became a worshipper of Makhleb the Destroyer
  4652 | D:5      | Entered Level 5 of the Dungeon
  4654 | D:5      | Found Reicev's Armour Emporium.
  4676 | D:5      | Found an ancient bone altar of Kikubaaqudgha.
  4843 | D:5      | Noticed Zgarb's ghost (experienced MiFi)
  4865 | D:5      | Killed Zgarb's ghost
  4865 | D:5      | Reached skill level 5 in Fighting
  4865 | D:5      | Reached skill level 1 in Stealth
  4865 | D:5      | Reached skill level 7 in Shields
  4865 | D:5      | Reached XP level 8. HP: 38/68 MP: 2/2
  5201 | D:5      | Reached skill level 5 in Long Blades
  5201 | D:5      | Reached skill level 1 in Throwing
  5424 | D:5      | Noticed Blork the orc
  5440 | D:5      | Killed Blork the orc
  5666 | D:6      | Reached skill level 8 in Shields
  5982 | D:6      | Acquired Makhleb's first power
  6107 | D:6      | Reached XP level 9. HP: 59/74 MP: 3/3
  6622 | D:6      | Found a blossoming altar of Fedhas.
  6781 | D:7      | Reached skill level 5 in Dodging
  6781 | D:7      | Reached skill level 9 in Shields
  6859 | D:7      | Acquired Makhleb's second power
  7824 | D:8      | Reached skill level 10 in Shields
  8133 | D:8      | Reached XP level 10. HP: 74/83 MP: 3/3
  8152 | D:8      | Acquired Makhleb's third power
  9009 | D:9      | Noticed Eustachio
  9023 | D:9      | Killed Eustachio
  9314 | D:9      | Identified Puge's Papyrus of Creative Beguiling
  9381 | D:9      | Reached skill level 1 in Invocations
  9535 | D:9      | Killed from afar by a two-headed ogre

Action                   |  1- 3 |  4- 6 |  7- 9 | 10-12 || total
-------------------------+-------+-------+-------+-------++-------
Melee: Trident           |    79 |     5 |       |       ||    84
       Falchion          |       |    39 |       |       ||    39
       Scimitar          |       |   101 |   482 |   135 ||   718
Throw: Spear             |     2 |     1 |    11 |       ||    14
       Javelin           |       |       |     2 |       ||     2
Invok: Minor Destruction |       |       |     5 |     2 ||     7
       Lesser Servant of |       |       |       |     6 ||     6
  Use: Potion            |       |     2 |       |     1 ||     3
       Scroll            |       |       |    13 |     6 ||    19
